 Dungeon Crawl Stone Soup version 0.29-a0-322-g68df515 (webtiles) character file.

Game seed: 11678574713636452267

3476 Toastz the Fighter (level 10, -6/70 HPs)
             Began as a Djinni Venom Mage on Apr 5, 2022.
             Was a Follower of Hepliaklqana.
             Collided with a rock wall (10 damage)
             ... caused by Erica
             ... on level 8 of the Dungeon on Apr 6, 2022.
             The game lasted 00:31:08 (7336 turns).

Toastz the Fighter (Djinni Venom Mage)              Turns: 7336, Time: 00:31:08

Health: -6/70      AC:  8    Str:  9    XL:     10   Next: 27%
Gold:   710        EV: 11    Int: 29    God:    Hepliaklqana [*.....] SH:  0 Dex: 19

rFire   + + .      SeeInvis .   N - +4 flail (freeze)
rCold   x . .      Faith    .   z - +0 buckler of Onyd {Will- rCorr Str+2 Int+4}
rNeg    . . .      Spirit   .   D - +0 ring mail
rPois   ∞          Reflect  .   g - +2 hat {Int+3}
rElec   .          Harm     .   (no cloak)
rCorr   +          Rampage  .   (no gloves)
Will    +....                   (boots unavailable)
Stlth   ..........              m - amulet of regeneration
HPRegen 1.01/turn               e - ring of willpower
MPRegen 0.00/turn               J - +6 ring of dexterity

@: confused, radiating poison, flying
A: reduced essence, sickness immunity, fire resistance 2, cold vulnerability 1,
float, innate caster, HP casting, extra vitality 1
a: Renounce Religion, Recall Ancestor, Ancestor Identity


You were on level 8 of the Dungeon.
You worshipped Hepliaklqana.
Hepliaklqana was aware of your devotion.
You visited 2 branches of the dungeon, and saw 9 of its levels.

You collected 710 gold pieces.

Inventory:

Hand Weapons
 a - a +0 vampiric spear
 u - a +0 long sword
 G - a +2 dagger of venom
 M - a +5 spear of distortion
 N - a +4 flail of freezing (weapon)
Missiles
 x - a throwing net
Armour
 c - a +1 hat of stealth
 f - a +0 leather armour
 g - a +2 hat of intelligence (worn)
 i - a +0 robe
 z - the +0 buckler of Onyd (worn) {Will- rCorr Str+2 Int+4}
   (You found it on level 4 of the Dungeon)

   Str:       It affects your strength (+2).
   Int:       It affects your intelligence (+4).
   rCorr:     It protects you from acid and corrosion.
   Will:      It decreases your willpower.
 D - a +0 ring mail (worn)
Jewellery
 e - a ring of willpower (left hand)
 m - an amulet of regeneration (around neck)
 s - a ring of fire
 C - an amulet of faith
 E - an amulet of reflection
 J - a +6 ring of dexterity (right hand)
 L - a ring of protection from fire
Wands
 h - a wand of flame (15)
 y - a wand of mindburst (16)
Scrolls
 j - a scroll of fear
 n - 5 scrolls of teleportation
 o - 3 scrolls of vulnerability
 r - a scroll of brand weapon {unknown}
 v - 2 scrolls of immolation
 w - a scroll of blinking {unknown}
 A - a scroll of enchant armour {unknown}
 H - a scroll of summoning {unknown}
Potions
 b - 2 potions of degeneration {unknown}
 d - a potion of brilliance {unknown}
 k - a potion of cancellation {unknown}
 l - a potion of berserk rage {unknown}
 p - a potion of ambrosia
 q - a potion of attraction {unknown}
 t - a potion of might
 B - a potion of heal wounds {unknown}
 F - a potion of magic {unknown}
 I - a potion of mutation {unknown}
 K - 2 potions of curing {unknown}


   Skills:
 + Level 9.3 Fighting
 - Level 5.1 Armour
 + Level 3.7 Dodging
 - Level 1.5 Stealth
 + Level 7.0 Spellcasting


You had 4 spell levels left.
You knew the following spells:

 Your Spells              Type           Power      Damage    Failure   Level
a - Foxfire               Conj/Fire      100%       2x1d9     1%          1
b - Poisonous Vapours     Pois/Air       100%       N/A       1%          2
c - Mephitic Cloud        Conj/Pois/Air  50%        N/A       3%          3
d - Olgreb's Toxic Radia  Pois           50%        N/A       10%         4
e - Frozen Ramparts       Ice            100%       1d12      3%          3
f - Dazzling Flash        Conj/Hex       100%       N/A       3%          3
g - Sting                 Tmut/Pois      100%       1d8       1%          1
h - Blink                 Tloc           100%       N/A       1%          2
Your spell library was empty.

Dungeon Overview and Level Annotations

Branches:
Dungeon (8/15)             Temple (1/1) D:5            Lair (0/6) D:8

Altars:
Ashenzari
Cheibriados
Dithmenos
Elyvilon
Fedhas
Gozag
Hepliaklqana
Kikubaaqudgha
Makhleb
Nemelex Xobeh
Okawaru
Qazlal
Ru
Sif Muna
Trog
Uskayaw
Vehumet
Wu Jian
Xom
Yredelemnul
Zin
The Shining One

Shops:
D:6 :*(?(

Annotations:
D:8 Erica


Innate Abilities, Weirdness & Mutations

Your life essence is reduced to manifest your ancestor. (-10% HP)
You are immune to sickness and miasma.
You are immune to poison.
Your flesh is very heat resistant. (rF++)
You are vulnerable to cold. (rC-)
You float through the air rather than walking.
You learn spells naturally, not from books.
Your magical power is your life essence.
You have superior vitality. (+4 MHP)


Message History

Casting: Olgreb's Toxic Radiance (dangerous; 11% risk of failure)
Confirm with . or Enter, or press ? or * to list all spells.
Your toxic radiance grows in intensity.
The elephant looks as sick as possible!
The basilisk looks even sicker.
The elephant looks as sick as possible!
The yak looks even sicker.
Laslo hits the elephant!
The wall freezes something.
Something hits you! Something burns you.
The wall freezes the elephant.
The elephant tramples you but does no damage.
The elephant barely misses you.
You hit the elephant. You freeze the elephant.
The elephant is severely wounded.
The basilisk looks as sick as possible!
The elephant looks as sick as possible!
Laslo hits the elephant but does no damage.
The wall freezes something.
Something hits you! Something burns you.
The wall freezes the elephant!
The elephant closely misses you. The elephant completely misses you.
Casting: Olgreb's Toxic Radiance (dangerous; 11% risk of failure)
Confirm with . or Enter, or press ? or * to list all spells.
Your toxic radiance grows in intensity.
You kill the elephant!
The yak looks as sick as possible!
* * * LOW HITPOINT WARNING * * *
The yak looks as sick as possible!
The wall freezes the yak!
The yak misses Laslo.
The wall freezes something.
You hear some strange, mumbled words.
You are confused.
Your Spellcasting skill increases to level 7!
Your frozen ramparts will break if you move.
Continue?
The basilisk looks even sicker.
The wall freezes the basilisk.
The wall freezes the yak!
You kill the yak!
The wall freezes something.
You hear some strange, mumbled words.
A lance of force appears from out of thin air!
The lance of force hits you!!
* * * LOW HITPOINT WARNING * * *
The frozen ramparts melt away as you move.
You stop ascending the stairs.
You are knocked back by the lance of force.
You slam into the rock wall!
You die...

...P...
..P...
......>......
..P.......$.
#..........
....l...
...l.#######
#{#R.......
#.<........
##.@##.###
#..# #...
#...# #...#
#.... .#....
##?.##


You could see the friendly Laslo the ancestor and a basilisk (very poisoned).

Vanquished Creatures
  Pikel (D:7)
  An elephant (D:8)
  A yak (D:8)
  An acid dragon (D:7)
  3 ice beasts
  4 ogres
  The ghost of arb the Poker, an amateur FoMo (D:3)
  3 lemures (D:7)
  A phantom (D:7)
  3 necrophages
  4 scorpions
  3 wights (D:7)
  7 crimson imps (D:7)
  An orc priest (D:5)
  6 hounds
  A jelly (D:7)
  5 iguanas
  Ijyb (D:5)
  2 orc wizards
  A scorpion simulacrum (D:3)
  17 gnolls
  9 adders
  A hound simulacrum (D:3)
  A shadow imp (D:7)
  3 white imps
  2 ufetubi
  A worm (D:4)
  3 dart slugs
  2 adder simulacra (D:3)
  6 orcs
  2 bats (D:2)
  10 endoplasms
  6 giant cockroaches
  6 goblins
  6 hobgoblins
  9 kobolds
  2 quokkas
  6 ball pythons
  2 frilled lizards
  A giant cockroach simulacrum (D:3)
  4 rats
149 creatures vanquished.

Vanquished Creatures (collateral kills)
  A lemure (D:7)
  A gnoll sergeant (D:7)
  2 wights (D:7)
  A jelly (D:7)
  A white imp (D:7)
6 creatures vanquished.

Vanquished Creatures (others)
  2 ancestors (D:7)
  405 foxfires
  12 plants (D:1)
419 creatures vanquished.

Grand Total: 574 creatures vanquished

Notes
Turn   | Place    | Note
-------+----------+-------------------------------------------
     0 | D:1      | Toastz the Djinni Venom Mage began the quest for the Orb.
     0 | D:1      | Reached XP level 1. HP: 15/15 MP: 0/0
   232 | D:1      | Reached skill level 1 in Fighting
   232 | D:1      | Reached XP level 2. HP: 13/22 MP: 0/0
   491 | D:1      | Found a faded altar of an unknown god.
  1194 | D:1      | Reached XP level 3. HP: 25/28 MP: 0/0
  1194 | D:1      | Learned a level 1 spell: Foxfire
  1248 | D:1      | Reached skill level 2 in Fighting
  2188 | D:2      | Reached XP level 4. HP: 18/34 MP: 0/0
  2728 | D:2      | Reached skill level 3 in Fighting
  3063 | D:3      | Found a runed translucent gate.
  3066 | D:3      | Found a runed translucent gate.
  3066 | D:3      | Found a runed translucent gate.
  3078 | D:3      | Noticed an ogre
  3104 | D:3      | Killed an ogre
  3105 | D:3      | Reached XP level 5. HP: 36/40 MP: 0/0
  3105 | D:3      | Learned a level 2 spell: Blink
  3411 | D:3      | Reached XP level 6. HP: 47/47 MP: 0/0
  3754 | D:3      | Noticed arb's ghost (amateur FoMo)
  3802 | D:3      | Reached skill level 4 in Fighting
  3805 | D:3      | Killed arb's ghost
  3986 | D:4      | Reached XP level 7. HP: 34/53 MP: 0/0
  3986 | D:4      | Learned a level 3 spell: Frozen Ramparts
  4347 | D:4      | Identified the +0 buckler of Onyd {Will- rCorr Str+2 Int+4}
  4664 | D:5      | Entered Level 5 of the Dungeon
  4781 | D:5      | Reached skill level 5 in Fighting
  4861 | D:5      | Noticed Ijyb
  4868 | D:5      | Killed Ijyb
  4878 | D:5      | Reached XP level 8. HP: 60/60 MP: 0/0
  4929 | D:5      | Reached skill level 5 in Spellcasting
  4977 | D:5      | Reached skill level 6 in Fighting
  4998 | D:5      | Reached skill level 1 in Armour
  5014 | D:5      | Found a staircase to the Ecumenical Temple.
  5024 | Temple   | Entered the Ecumenical Temple
  5300 | Temple   | Became a worshipper of Hepliaklqana the Forgotten
  5593 | D:5      | Found a white marble altar of Elyvilon.
  5991 | D:6      | Found Quann's Weapon Shoppe.
  6008 | D:6      | Reached skill level 7 in Fighting
  6050 | D:6      | Reached XP level 9. HP: 68/68 MP: 0/0
  6050 | D:6      | Learned a level 3 spell: Dazzling Flash
  6094 | D:6      | Found Lothu's Book Emporium.
  6187 | D:6      | Found Plog's Assorted Antiques.
  6252 | D:6      | Found Tuem's Magic Scroll Boutique.
  6275 | D:6      | Found Caovir's Antique Weapon Emporium.
  6455 | D:6      | Reached * piety under Hepliaklqana
  6618 | D:7      | Reached skill level 8 in Fighting
  7253 | D:7      | Noticed Pikel
  7267 | D:7      | Killed Pikel
  7268 | D:7      | Reached skill level 9 in Fighting
  7268 | D:7      | Reached skill level 5 in Armour
  7268 | D:7      | Reached XP level 10. HP: 67/70 MP: 0/0
  7326 | D:8      | Noticed an elephant
  7326 | D:8      | Noticed Erica
  7326 | D:8      | Found a staircase to the Lair.
  7335 | D:8      | Killed an elephant
  7336 | D:8      | Collided with a rock wall

Illustrated notes

Levels and vault maps discovered:
D:1:      roderic_crop_circles_arrival_small, layout_basic,
          dreamdust_ecumenical_altar_statues
D:2:      layout_loops_ring
D:3:      wander_river, layout_basic, gammafunk_ghost_icy, nrook_mini_vaults
D:4:      layout_gridville
D:5:      layout_loops_cross, mainiacjoe_overflow_surrounded_room,
          minmay_temple_entry_large_hall, amcnicky_mini_corridor_feature,
          uniq_ijyb
D:6:      layout_loops_cross, serial_shops, nicolae_shop_waterfront, shop, shop,
          shop_fountains, nicolae_shop_trees
D:7:      layout_basic, minmay_misc_feat_rows, minmay_nine_imps, uniq_pikel
D:8:      layout_loops_ring, david_lair_generic, uniq_erica
Temple:   mainiacjoe_temple_hex_bubbles

Skill      XL: |  1  2  3  4  5  6  7  8  9 10 |
---------------+-------------------------------+-----
Fighting       | 1 2 3 4 5 7 9 |  9.3
Spellcasting   | 3 4 5 6 7 |  7.0
Dodging        | 3 |  3.7
Armour         | 2 5 |  5.1
Stealth        | |  1.5

Action                   |  1- 3 |  4- 6 |  7- 9 | 10-12 || total
-------------------------+-------+-------+-------+-------++-------
Melee: Unarmed           |     4 |       |       |       ||     4
       Dagger            |    16 |       |       |       ||    16
       Spear             |    21 |    34 |    54 |       ||   109
       Punch             |       |     1 |       |       ||     1
       Long sword        |       |     1 |     3 |       ||     4
       Flail             |       |       |     6 |     1 ||     7
 Cast: Sting             |    45 |     9 |     7 |       ||    61
       Poisonous Vapours |    14 |     9 |     4 |       ||    27
       Mephitic Cloud    |     2 |     1 |     4 |     1 ||     8
       Foxfire           |       |    51 |   208 |       ||   259
       Blink             |       |     1 |       |       ||     1
       Olgreb's Toxic Ra |       |       |    11 |     6 ||    17
       Frozen Ramparts   |       |       |     6 |     1 ||     7
  Use: Scroll            |       |       |     6 |       ||     6
 Stab: Sleeping          |       |       |     1 |       ||     1
Armor: Robe              |    17 |    12 |     2 |       ||    31
       Ring mail         |       |       |    16 |     1 ||    17
Dodge: Dodged            |    38 |    28 |    43 |     4 ||   113
Block: Buckler           |       |       |    13 |       ||    13

Table legend: (Time is in decaauts)
 A = Elapsed time spent in this place.
 B = Non-inter-level travel time spent in this place.
 C = Inter-level travel time spent in this place.
 D = Time resting spent in this place.
 E = Time spent auto-exploring this place.
 F = Levels seen in this place.
 G = Mean time per level.
                   A        B        C        D        E       F      G
               +--------+--------+--------+--------+--------+-----+--------+
         Total |   7349 |   7044 |    305 |    847 |   5004 |   9 |  816.6 |
       Dungeon |   7051 |   6780 |    271 |    847 |   4764 |   8 |  881.4 |
        Temple |    297 |    263 |     34 |      0 |    240 |   1 |  297.0 |
               +--------+--------+--------+--------+--------+-----+--------+

Top non-repeatable levels by time:
     D:1: 1905 daAuts
     D:2: 1127 daAuts
     D:5: 910 daAuts
     D:7: 836 daAuts
     D:3: 818 daAuts
     D:4: 816 daAuts
     D:6: 626 daAuts
  Temple: 297 daAuts
     D:8: 10 daAuts
